TOP OF THE 1ST |
West Michigan Whitecaps batting - Pitching for Burlington Bees : RHP Dave Thomas
|
Pitching: RHP Dave Thomas
|
|
Batting: RHB Eric Blaha
|
0-0: Ball 1-0: Ball 2-0: Fly out, F1 (Line Drive, P, EV 65.0 MPH)
|
Batting: RHB Jon Pierce
|
0-0: Ball 1-0: Called Strike 1-1: SINGLE (Line Drive, 7LS, EV 111.9 MPH)
|
Batting: SHB Andy Vivas
|
0-0: Called Strike 0-1: Ball 1-1: Hit by Pitch Jon Pierce to second
|
Batting: RHB Bill Cabrera
|
0-0: Ball 1-0: Ball Wild Pitch! Jon Pierce to third Andy Vivas to second 2-0: Ball 3-0: Base on Balls
|
Batting: RHB Dan Becvar
|
0-0: Foul Ball, location: 2F 0-1: Hit by Pitch Jon Pierce scores Andy Vivas to third Bill Cabrera to second
|
Batting: RHB Jordan Hall
|
0-0: Foul Ball, location: 2F 0-1: Fly out, F9 (Flyball, 9LS, EV 83.8 MPH)
|
Batting: RHB Vince Chipman
|
0-0: Called Strike 0-1: Ball 1-1: Foul Ball, location: 2F 1-2: Ball 2-2: Ball 3-2: SINGLE (Groundball, 6MD, EV 98.8 MPH) Andy Vivas scores Bill Cabrera to third Dan Becvar to second Bill Cabrera scores Dan Becvar to third
|
Batting: RHB Sergio Valbuena
|
0-0: Ball 1-0: Swinging Strike 1-1: Ball 2-1: DOUBLE (Line Drive, 78XD, EV 107.5 MPH) Dan Becvar scores Vince Chipman to third
|
Batting: RHB Jamie Bass
|
0-0: Ball 1-0: Called Strike 1-1: Foul Ball, location: 2F 1-2: Ball 2-2: Ball 3-2: Strikes out looking
|
Top of the 1st over - 4 runs, 3 hits, 0 errors, 2 left on base; West Michigan 4 - Burlington 0 |
BOTTOM OF THE 1ST |
Burlington Bees batting - Pitching for West Michigan Whitecaps : RHP Dale Gilbert
|
Pitching: RHP Dale Gilbert
|
|
Batting: RHB Jonathan Ellis
|
0-0: Ball 1-0: Ball 2-0: Ground out 4-3 (Groundball, 4, EV 111.3 MPH)
|
Batting: RHB Ryan Munro
|
0-0: Called Strike 0-1: Ball 1-1: Called Strike 1-2: Ball 2-2: Foul Ball, location: 2F 2-2: SINGLE (Line Drive, 4MD, EV 96.9 MPH)
|
Batting: RHB Luis Romero
|
0-0: Ball 1-0: Ball 2-0: Swinging Strike 2-1: Ball 3-1: Base on Balls Ryan Munro to second
|
Batting: LHB Bill Kirtley
|
0-0: Foul Ball, location: 2F 0-1: Foul Ball, location: 2F 0-2: SINGLE (Line Drive, 9S, EV 88.8 MPH) Ryan Munro to third Luis Romero to second
|
Batting: LHB Rusty Ney
|
0-0: Ball 1-0: Swinging Strike 1-1: Swinging Strike 1-2: Foul Ball, location: 2F 1-2: Grounds out, U3 (Groundball, 3L, EV 107.5 MPH) Ryan Munro scores Luis Romero to third
|
Batting: LHB Jorge Zermeno
|
0-0: Ball 1-0: Called Strike 1-1: Foul Ball, location: 2F 1-2: Ball 2-2: Strikes out swinging
|
Bottom of the 1st over - 1 run, 2 hits, 0 errors, 2 left on base; West Michigan 4 - Burlington 1 |
TOP OF THE 2ND |
West Michigan Whitecaps batting - Pitching for Burlington Bees : RHP Dave Thomas
|
Batting: RHB Eric Blaha
|
0-0: Called Strike 0-1: Ball 1-1: Ball 2-1: Fly out, F9 (Flyball, 9, EV 84.4 MPH)
|
Batting: RHB Jon Pierce
|
0-0: Called Strike 0-1: SINGLE (Groundball, 6, EV 95.6 MPH)
|
Batting: SHB Andy Vivas
|
0-0: Ball 1-0: Foul Ball, location: 2F 1-1: Ball 2-1: Foul Ball, location: 2F 2-2: Strikes out swinging
|
Batting: RHB Bill Cabrera
|
0-0: Swinging Strike 0-1: Swinging Strike 0-2: Ball 1-2: Ball 2-2: Foul Ball, location: 2F 2-2: Ball 3-2: Strikes out swinging
|
Top of the 2nd over - 0 runs, 1 hit, 0 errors, 1 left on base; West Michigan 4 - Burlington 1 |
BOTTOM OF THE 2ND |
Burlington Bees batting - Pitching for West Michigan Whitecaps : RHP Dale Gilbert
|
Batting: RHB Ben Herman
|
0-0: Ball 1-0: Called Strike 1-1: Ground out 4-3 (Groundball, 4, EV 91.3 MPH)
|
Batting: SHB Tim Connell
|
0-0: Ball 1-0: Single, Error in OF, E8, batter to second base (Groundball, 4M, EV 96.3 MPH)
|
Batting: RHB Rob Bly
|
0-0: Ball 1-0: Swinging Strike 1-1: Ball 2-1: Foul Ball, location: 2F 2-2: Foul Ball, location: 2F 2-2: Ball 3-2: Base on Balls
|
Batting: RHB Jonathan Ellis
|
0-0: Called Strike 0-1: Foul Ball, location: 2F 0-2: Reached via error on a dropped throw from 2B, E6 (Groundball, 4, EV 80.6 MPH) Tim Connell to third Rob Bly to second
|
Batting: RHB Ryan Munro
|
0-0: Ball 1-0: DOUBLE (Line Drive, 8RD, EV 110.0 MPH) Tim Connell scores Rob Bly scores Jonathan Ellis to third Runner from 3rd tries for Home, SAFE, throw by CF to trailing runner, SAFE at third!
|
Batting: RHB Luis Romero
|
0-0: Ball 1-0: Ball 2-0: SINGLE (Groundball, 56D, EV 93.8 MPH) Ryan Munro scores
|
Batting: LHB Bill Kirtley
|
0-0: Ball 1-0: Swinging Strike 1-1: Ball 2-1: Ball 3-1: Called Strike 3-2: Ground out 6-3 (Groundball, 4, EV 108.8 MPH) Luis Romero to second
|
Batting: LHB Rusty Ney
|
0-0: Foul Ball, location: 2F 0-1: Swinging Strike 0-2: Ball 1-2: Foul Ball, location: 2F 1-2: Strikes out swinging
|
Bottom of the 2nd over - 4 runs, 3 hits, 2 errors, 1 left on base; West Michigan 4 - Burlington 5 |
TOP OF THE 3RD |
West Michigan Whitecaps batting - Pitching for Burlington Bees : RHP Dave Thomas
|
Batting: RHB Dan Becvar
|
0-0: Swinging Strike 0-1: SINGLE (Flyball, 5D, EV 95.6 MPH)
|
Batting: RHB Jordan Hall
|
0-0: Foul Ball, location: 2F 0-1: Ball Dan Becvar steals 2nd base 1-1: DOUBLE (Line Drive, 5D, EV 96.3 MPH) Dan Becvar scores
|
Batting: RHB Vince Chipman
|
0-0: Foul Ball, location: 2F 0-1: Ball 1-1: Ball 2-1: SINGLE (Groundball, 34D, EV 95.6 MPH) Jordan Hall to third
|
Batting: RHB Sergio Valbuena
|
0-0: Called Strike 0-1: Swinging Strike 0-2: Strikes out swinging
|
Batting: RHB Jamie Bass
|
0-0: Foul Ball, location: 2F 0-1: Ball 1-1: Swinging Strike 1-2: Strikes out swinging
|
Batting: RHB Eric Blaha
|
0-0: Called Strike 0-1: Called Strike 0-2: Foul Ball, location: 2F 0-2: Foul Ball, location: 2F 0-2: Ball Balk! Jordan Hall scores Vince Chipman to second 1-2: Ball 2-2: Foul Ball, location: 2F 2-2: Ball 3-2: Strikes out swinging
|
Top of the 3rd over - 2 runs, 3 hits, 0 errors, 1 left on base; West Michigan 6 - Burlington 5 |
BOTTOM OF THE 3RD |
Burlington Bees batting - Pitching for West Michigan Whitecaps : RHP Dale Gilbert
|
Batting: LHB Jorge Zermeno
|
0-0: Ball 1-0: Ball 2-0: Foul Ball, location: 2F 2-1: Ground out 5-3 (Groundball, 56, EV 86.3 MPH)
|
Batting: RHB Ben Herman
|
0-0: Ball 1-0: Ball 2-0: Called Strike 2-1: Called Strike 2-2: Ground out 5-3 (Groundball, 56S, EV 81.3 MPH)
|
Batting: SHB Tim Connell
|
0-0: Called Strike 0-1: Ball 1-1: Foul Ball, location: 2F 1-2: Strikes out looking
|
Bottom of the 3rd over - 0 runs, 0 hits, 0 errors, 0 left on base; West Michigan 6 - Burlington 5 |
TOP OF THE 4TH |
West Michigan Whitecaps batting - Pitching for Burlington Bees : RHP Dave Thomas
|
Batting: RHB Jon Pierce
|
0-0: Called Strike 0-1: Ball 1-1: Called Strike 1-2: Foul Ball, location: 2F 1-2: Strikes out looking
|
Batting: SHB Andy Vivas
|
0-0: Swinging Strike 0-1: Foul Ball, location: 2F 0-2: Strikes out swinging
|
Batting: RHB Bill Cabrera
|
0-0: Foul Ball, location: 2F 0-1: Fly out, F4 (Popup, 23, EV 78.1 MPH)
|
Top of the 4th over - 0 runs, 0 hits, 0 errors, 0 left on base; West Michigan 6 - Burlington 5 |
BOTTOM OF THE 4TH |
Burlington Bees batting - Pitching for West Michigan Whitecaps : RHP Dale Gilbert
|
Batting: RHB Rob Bly
|
0-0: Ground out 5-3 (Groundball, 56S, EV 85.0 MPH)
|
Batting: RHB Jonathan Ellis
|
0-0: Fly out, F7 (Flyball, 7D, EV 111.3 MPH)
|
Batting: RHB Ryan Munro
|
0-0: Called Strike 0-1: Ball 1-1: Ball 2-1: Foul Ball, location: 2F 2-2: Ball 3-2: Base on Balls
|
Batting: RHB Luis Romero
|
0-0: Ball Ryan Munro steals 2nd, throwing error, E2 Ryan Munro to third 1-0: Foul Ball, location: 2F 1-1: Called Strike 1-2: Ball 2-2: Ball 3-2: Foul Ball, location: 2F 3-2: Ground out 6-3 (Groundball, 6S, EV 85.6 MPH)
|
Bottom of the 4th over - 0 runs, 0 hits, 1 error, 1 left on base; West Michigan 6 - Burlington 5 |
TOP OF THE 5TH |
West Michigan Whitecaps batting - Pitching for Burlington Bees : RHP Dave Thomas
|
Pitching: LHP Jose Rivera
|
|
Batting: RHB Dan Becvar
|
0-0: Swinging Strike 0-1: Ball 1-1: Hit by Pitch
|
Batting: RHB Jordan Hall
|
0-0: Called Strike 0-1: Called Strike 0-2: Foul Ball, location: 2F 0-2: Ball 1-2: Hit by Pitch Dan Becvar to second
|
Batting: RHB Vince Chipman
|
0-0: Foul Ball, location: 2F 0-1: Ball 1-1: Ball 2-1: Ball 3-1: Ground out 6-3 (Groundball, 4MS, EV 68.1 MPH) Dan Becvar to third Jordan Hall to second
|
Batting: RHB Sergio Valbuena
|
0-0: Ball 1-0: Ball 2-0: Ball 3-0: Base on Balls
|
Batting: RHB Jamie Bass
|
0-0: Foul Ball, location: 2F 0-1: Swinging Strike 0-2: Ball 1-2: Strikes out swinging
|
Batting: RHB Eric Blaha
|
0-0: Ball 1-0: Called Strike 1-1: Called Strike 1-2: Fly out, F9 (Flyball, 9LM, EV 80.0 MPH)
|
Top of the 5th over - 0 runs, 0 hits, 0 errors, 3 left on base; West Michigan 6 - Burlington 5 |
BOTTOM OF THE 5TH |
Burlington Bees batting - Pitching for West Michigan Whitecaps : RHP Dale Gilbert
|
Batting: LHB Bill Kirtley
|
0-0: SINGLE (Groundball, 6MS, EV 68.8 MPH) (infield hit)
|
Batting: LHB Rusty Ney
|
0-0: Ball 1-0: Foul Ball, location: 2F 1-1: SINGLE (Groundball, 34D, EV 94.4 MPH) Bill Kirtley to second
|
Batting: LHB Jorge Zermeno
|
0-0: Called Strike 0-1: Ball 1-1: Ball 2-1: Ball 3-1: Foul Ball, location: 2F 3-2: Fly out, F7 (Flyball, 7LM, EV 79.4 MPH)
|
Pitching: RHP Daisuke Tashima
|
|
Batting: RHB Ben Herman
|
0-0: Ball 1-0: Ball 2-0: Called Strike 2-1: SINGLE (Groundball, 56D, EV 105.0 MPH) Bill Kirtley to third Rusty Ney to second
|
Batting: SHB Tim Connell
|
0-0: Ball 1-0: Ball 2-0: Swinging Strike 2-1: Ball 3-1: Reached on error, E5 (Groundball, 5S, EV 84.4 MPH) Bill Kirtley scores Rusty Ney to third Ben Herman to second
|
Batting: RHB Rob Bly
|
0-0: Swinging Strike 0-1: Ball 1-1: Called Strike 1-2: Ball 2-2: Fielders Choice at 2nd, 6-4 (Groundball, 6, EV 82.5 MPH) Rusty Ney scores Ben Herman to third
|
Batting: RHB Jonathan Ellis
|
0-0: Ball 1-0: Called Strike 1-1: Ball 2-1: Ball 3-1: Foul Ball, location: 2F 3-2: Base on Balls Rob Bly to second
|
Batting: RHB Ryan Munro
|
0-0: Ball 1-0: Ground out 5-3 (Groundball, 25, EV 81.9 MPH)
|
Bottom of the 5th over - 2 runs, 3 hits, 1 error, 3 left on base; West Michigan 6 - Burlington 7 |
TOP OF THE 6TH |
West Michigan Whitecaps batting - Pitching for Burlington Bees : LHP Jose Rivera
|
Batting: RHB Jon Pierce
|
0-0: Ground out 4-3 (Groundball, 4, EV 85.6 MPH)
|
Batting: SHB Andy Vivas
|
0-0: Foul Ball, location: 2F 0-1: Ground out 6-3 (Groundball, 6D, EV 100.6 MPH)
|
Batting: RHB Bill Cabrera
|
0-0: Swinging Strike 0-1: Ball 1-1: Ball 2-1: SINGLE (Groundball, 6MD, EV 95.6 MPH)
|
Pitching: RHP Craig Murphy
|
|
Batting: RHB Dan Becvar
|
0-0: Ball 1-0: Foul Ball, location: 2F 1-1: Ball 2-1: Swinging Strike 2-2: Foul Ball, location: 2F 2-2: Strikes out swinging
|
Top of the 6th over - 0 runs, 1 hit, 0 errors, 1 left on base; West Michigan 6 - Burlington 7 |
BOTTOM OF THE 6TH |
Burlington Bees batting - Pitching for West Michigan Whitecaps : RHP Daisuke Tashima
|
Batting: RHB Luis Romero
|
0-0: Called Strike 0-1: SINGLE (Line Drive, 7S, EV 104.4 MPH)
|
Batting: LHB Bill Kirtley
|
0-0: Ball 1-0: Ball 2-0: Called Strike 2-1: Foul Ball, location: 2F 2-2: Foul Ball, location: 2F 2-2: 2-RUN HOME RUN (Flyball, 89XD, EV 105.6 MPH), Distance : 405 ft
|
Batting: LHB Rusty Ney
|
0-0: Ball 1-0: SINGLE (Groundball, 5S, EV 71.3 MPH) (infield hit)
|
Batting: LHB Jorge Zermeno
|
0-0: Ball 1-0: Swinging Strike 1-1: Ball 2-1: Called Strike 2-2: Foul Ball, location: 2F 2-2: Strikes out swinging
|
Batting: RHB Ben Herman
|
0-0: Called Strike 0-1: Ball 1-1: Ball Rusty Ney is caught stealing 2nd base 2-4 2-1: Ground out 6-3 (Groundball, 6, EV 108.8 MPH)
|
Bottom of the 6th over - 2 runs, 3 hits, 0 errors, 0 left on base; West Michigan 6 - Burlington 9 |
TOP OF THE 7TH |
West Michigan Whitecaps batting - Pitching for Burlington Bees : RHP Craig Murphy
|
Batting: RHB Jordan Hall
|
0-0: Called Strike 0-1: SOLO HOME RUN (Flyball, 78XD, EV 100.0 MPH), Distance : 408 ft
|
Batting: RHB Vince Chipman
|
0-0: Called Strike 0-1: Foul Ball, location: 2F 0-2: Ball 1-2: Strikes out looking
|
Batting: RHB Sergio Valbuena
|
0-0: Ball 1-0: Ball 2-0: Ball 3-0: Called Strike 3-1: Ground out 3-1 (Groundball, 34, EV 93.1 MPH)
|
Batting: RHB Jamie Bass
|
0-0: Called Strike 0-1: Ball 1-1: Swinging Strike 1-2: Ball 2-2: DOUBLE (Line Drive, 9LM, EV 108.8 MPH)
|
Batting: RHB Eric Blaha
|
0-0: Called Strike 0-1: Called Strike 0-2: Ball 1-2: Strikes out looking
|
Top of the 7th over - 1 run, 2 hits, 0 errors, 1 left on base; West Michigan 7 - Burlington 9 |
BOTTOM OF THE 7TH |
Burlington Bees batting - Pitching for West Michigan Whitecaps : RHP Daisuke Tashima
|
Pitching: RHP Brian Southworth
|
|
Batting: SHB Tim Connell
|
0-0: Called Strike 0-1: Foul Ball, location: 2F 0-2: Strikes out swinging, 2-3 out at first.
|
Batting: RHB Rob Bly
|
0-0: Ball 1-0: Ball 2-0: Fly out, F5 (Line Drive, 5, EV 69.4 MPH)
|
Batting: RHB Jonathan Ellis
|
0-0: Ball 1-0: Ball 2-0: Foul Ball, location: 2F 2-1: Swinging Strike 2-2: Strikes out swinging
|
Bottom of the 7th over - 0 runs, 0 hits, 0 errors, 0 left on base; West Michigan 7 - Burlington 9 |
TOP OF THE 8TH |
West Michigan Whitecaps batting - Pitching for Burlington Bees : RHP Craig Murphy
|
Pitching: LHP Tyler Kenney
|
|
Batting: RHB Jon Pierce
|
0-0: Fly out, F6 (Line Drive, 6, EV 64.4 MPH)
|
Batting: SHB Andy Vivas
|
0-0: Ball 1-0: SINGLE (Line Drive, 4D, EV 97.5 MPH)
|
Batting: RHB Bill Cabrera
|
0-0: Called Strike 0-1: Swinging Strike 0-2: Ball 1-2: Foul Ball, location: 2F 1-2: Foul Ball, location: 2F 1-2: Strikes out looking
|
Batting: RHB Dan Becvar
|
0-0: Called Strike 0-1: Ball 1-1: SINGLE (Groundball, 34, EV 104.4 MPH) Andy Vivas to second Runner from 2nd tries for 3rd, SAFE, throw by RF made to third Dan Becvar to second
|
Batting: RHB Jordan Hall
|
0-0: Ball 1-0: Ball 2-0: Ball 3-0: Base on Balls
|
Batting: RHB Vince Chipman
|
0-0: Foul Ball, location: 2F 0-1: Ball 1-1: Called Strike 1-2: Ground out 4-3 (Groundball, 4, EV 88.8 MPH)
|
Top of the 8th over - 0 runs, 2 hits, 0 errors, 3 left on base; West Michigan 7 - Burlington 9 |
BOTTOM OF THE 8TH |
Burlington Bees batting - Pitching for West Michigan Whitecaps : RHP Brian Southworth
|
Batting: RHB Ryan Munro
|
0-0: Called Strike 0-1: Ball 1-1: DOUBLE (Line Drive, 7LS, EV 87.5 MPH)
|
Batting: RHB Luis Romero
|
0-0: Ball 1-0: Ground out 6-3 (Groundball, 6MS, EV 78.8 MPH) Ryan Munro to third
|
Batting: LHB Bill Kirtley
|
0-0: Fly out, F8 (Flyball, 89XD, EV 93.8 MPH) Runner from 3rd tags up, SCORES, no throw by CF
|
Batting: LHB Rusty Ney
|
0-0: Ball 1-0: Ball 2-0: Foul Ball, location: 2F 2-1: Ball 3-1: Base on Balls
|
Batting: LHB Jorge Zermeno
|
0-0: Ball 1-0: Ball Rusty Ney steals 2nd base 2-0: DOUBLE (Groundball, 3L, EV 107.5 MPH) Rusty Ney scores
|
Batting: RHB Ben Herman
|
0-0: Called Strike 0-1: Ground out 4-3 (Groundball, 4, EV 102.5 MPH)
|
Bottom of the 8th over - 2 runs, 2 hits, 0 errors, 1 left on base; West Michigan 7 - Burlington 11 |
TOP OF THE 9TH |
West Michigan Whitecaps batting - Pitching for Burlington Bees : LHP Tyler Kenney
|
Pitching: LHP Jordan Galdamez
|
|
Batting: RHB Sergio Valbuena
|
0-0: Ball 1-0: Ball 2-0: Ball 3-0: Base on Balls
|
Batting: RHB Jamie Bass
|
0-0: Ball 1-0: SINGLE (Line Drive, 7S, EV 99.4 MPH) Sergio Valbuena to second
|
Batting: RHB Eric Blaha
|
0-0: Ball 1-0: Called Strike 1-1: Swinging Strike 1-2: Fly out, F4 (Flyball, 34D, EV 91.9 MPH)
|
Batting: RHB Jon Pierce
|
0-0: DOUBLE (Flyball, 78D, EV 103.1 MPH) Sergio Valbuena scores Jamie Bass to third
|
Batting: SHB Andy Vivas
|
0-0: Swinging Strike 0-1: Ball 1-1: Swinging Strike 1-2: Ball 2-2: Strikes out swinging
|
Batting: RHB Bill Cabrera
|
0-0: Called Strike 0-1: Foul Ball, location: 2F 0-2: Strikes out swinging
|
Top of the 9th over - 1 run, 2 hits, 0 errors, 2 left on base; West Michigan 8 - Burlington 11 |
|